 Dungeon Crawl Stone Soup version 0.31-a0-1616-gbeaec30 (webtiles) character file.

Game seed: 13665470628589938486

1758 Dorkslayer the Slasher (level 9, 0/59 HPs)
             Began as an Octopode Fighter on Jan 10, 2024.
             Was a Follower of Wu Jian.
             Slain by a shadow imp (2 damage)
             ... on level 7 of the Dungeon.
             The game lasted 00:21:11 (5059 turns).

Dorkslayer the Slasher (Octopode Fighter)           Turns: 5059, Time: 00:21:12

Health: 0/59       AC:  1    Str: 22    XL:     9   Next: 6%
Magic:  9/9        EV: 20    Int: 10    God:    Wu Jian [*.....]
Gold:   306        SH:  5    Dex: 15    Spells: 8/8 levels left

rFire   . . .        d - +8 autumn katana {manifold assault}
rCold   . . .        b - +0 buckler
rNeg    . . .        (helmet restricted)
rPois   .            (no amulet)
rElec   .            k - +5 ring of evasion
rCorr   .            s - +6 ring of strength
SInv    .            (no ring)
Will    .....        (no ring)
Stlth   ++++         (no ring)
HPRegen 0.29/turn    (no ring)
MPRegen 0.11/turn    (no ring)
                     (no ring)

%: no passive effects
@: mighty
A: almost no armour, amphibious, 8 rings, camouflage 1, gelatinous body 1,
(nimble swimmer 1), tentacles
a: Renounce Religion


You were on level 7 of the Dungeon.
You worshipped Wu Jian.
Wu Jian was aware of your devotion.
You visited 2 branches of the dungeon, and saw 8 of its levels.

You collected 306 gold pieces.

Inventory:

Hand Weapons
 a - a +0 long sword
 d - the +8 autumn katana (weapon) {manifold assault}
   (You acquired it on level 2 of the Dungeon)
 p - a +4 rapier
Missiles
 e - a boomerang (quivered)
Armour
 b - a +0 buckler (worn)
Jewellery
 k - a +5 ring of evasion (left tentacle)
 s - a +6 ring of strength (right tentacle)
Talismans
 h - a beast talisman
Wands
 f - a wand of polymorph (7)
Scrolls
 g - 2 scrolls of teleportation
 j - a scroll of identify
 l - a scroll of revelation
 m - 2 scrolls of poison
 n - a scroll of amnesia {unknown}
 o - a scroll of blinking
Potions
 i - a potion of mutation
 q - a potion of enlightenment {unknown}
 r - a potion of degeneration {unknown}


   Skills:
 + Level 4.3 Fighting
 + Level 6.7 Long Blades
 * Level 5.5 Dodging
 + Level 5.1 Stealth
 + Level 3.4 Shields
 * Level 3.4 Unarmed Combat
 * Level 3.5 Evocations
 * Level 2.7 Shapeshifting


You had 8 spell levels left.
You didn't know any spells.
Your spell library contained the following spells:

 Spells                   Type           Power      Damage    Failure   Level
 Static Discharge         Conj/Air       0%         3-3/arc   56%         2
 Stone Arrow              Conj/Erth      0%         3d7       80%         3
 Volatile Blastmotes      Fire/Tloc      0%         2d10      80%         3
 Airstrike                Air            0%         2d(0-16)  99%         4
 Fulminant Prism          Conj/Alch      0%         3d5       99%         4
 Iskenderun's Mystic Bla  Conj/Tloc      0%         2d3       99%         4
 Summon Lightning Spire   Summ/Air       0%         N/A       99%         4
 Lehudib's Crystal Spear  Conj/Erth      0%         10d2      100%        8
 Animate Armour           Summ/Erth      Unusable   N/A       N/A         4

Dungeon Overview and Level Annotations

Branches:
Dungeon (7/15)             Temple (1/1) D:6

Altars:
Ashenzari
Cheibriados
Dithmenos
Elyvilon
Fedhas
Gozag
Hepliaklqana
Kikubaaqudgha
Makhleb
Nemelex Xobeh
Okawaru
Qazlal
Ru
Sif Muna
Trog
Uskayaw
Vehumet
Wu Jian
Xom
Yredelemnul
Zin
The Shining One

Shops:
D:3 =   D:4 (


Innate Abilities, Weirdness & Mutations

You cannot wear most types of armour.
You are amphibious.
You can wear up to eight rings at the same time.
Your skin changes colour to match your surroundings (Stealth+).
Your rubbery body absorbs attacks. (AC +1, EV +1)
((You are camouflaged when in or above water. (Stealth+)))
You have tentacles for arms and can constrict up to eight enemies at once.


Message History

The white imp misses you. The shadow imp barely misses you.
The bullfrog misses you.
Okay, then.
You feel very mighty all of a sudden. The ufetubus completely misses you.
The ufetubus hits you.
* * * LOW HITPOINT WARNING * * *
The ufetubus closely misses you. The ufetubus hits you.
* * * LOW HITPOINT WARNING * * *
The bullfrog closely misses you. The ufetubus barely misses you.
The ufetubus closely misses you. The ufetubus completely misses you.
You block the ufetubus's attack.
The orc wizard hits you with a +0 dagger.
* * * LOW HITPOINT WARNING * * *
The white imp misses you. The shadow imp misses you.
You slice the white imp!!
You slice through the folds of space itself!
You slice the bullfrog!!
You kill the bullfrog!
The Council accepts your kill.
You can now lightly attack monsters by moving around them.
You closely miss the shadow imp. You barely miss the ufetubus.
You miss the ufetubus.
You kill the white imp!
The Council accepts your kill. The ufetubus barely misses you.
The ufetubus closely misses you. You block the ufetubus's attack.
The ufetubus completely misses you.
The orc wizard hits you with a +0 dagger.
* * * LOW HITPOINT WARNING * * *
The shadow imp misses you.
You closely miss the orc wizard. You grab the orc wizard.
You constrict the orc wizard. The ufetubus misses you. The ufetubus hits you.
* * * LOW HITPOINT WARNING * * *
You block the ufetubus's attack. The ufetubus closely misses you. x2
The ufetubus barely misses you.
Unknown command.
You miss the ufetubus. You grab the ufetubus. You constrict the ufetubus.
You constrict the orc wizard. The ufetubus misses you.
The ufetubus closely misses you. You block the orc wizard's attack.
The shadow imp hits you.
You die...

#...[.#
#.....#
#.....#
#.....#
#.....#
#.....###.##
#..5.......#
#..5@5#
#..o).#
#....[# #
#.....#.#
#.....#?#.#
#.........#
#.....#.###
####.[#.# #
#.## #


You could see an orc wizard, a shadow imp and 2 ufetubi.

Vanquished Creatures
  Eustachio (D:5)
  3 ice beasts
  A sky beast (D:6)
  A centaur (D:5)
  An ogre (D:6)
  2 phantoms (D:6)
  2 bullfrogs
  A scorpion (D:6)
  3 wights (D:6)
  A jelly (D:5)
  A gnoll bouda (D:6)
  3 hounds
  3 iguanas
  2 orc wizards
  10 adders
  6 gnolls
  3 shadow imps
  2 white imps
  2 ufetubi (D:6)
  A ribbon worm (D:4)
  2 dart slugs
  20 orcs
  4 bats
  8 endoplasms
  2 giant cockroaches
  8 goblins
  10 hobgoblins
  6 jackals
  A quokka (D:1)
  9 ball pythons
  7 frilled lizards
  8 kobolds
  4 rats
138 creatures vanquished.

Vanquished Creatures (others)
  An orc (D:7)
1 creature vanquished.

Grand Total: 139 creatures vanquished

Notes
Turn   | Place    | Note
-------+----------+-------------------------------------------
     0 | D:1      | Dorkslayer the Octopode Fighter began the quest for the
                  | Orb.
     0 | D:1      | Reached XP level 1. HP: 16/16 MP: 1/1
    74 | D:1      | Reached XP level 2. HP: 21/21 MP: 2/2
   261 | D:1      | Reached XP level 3. HP: 25/26 MP: 3/3
   862 | D:2      | Identified a scroll of acquirement
   865 | D:2      | You fall into a shaft and drop 2 floors!
   866 | D:4      | Acquired the +8 autumn katana {manifold assault}
   866 | D:4      | Found the +8 autumn katana {manifold assault}
   887 | D:4      | Reached skill level 1 in Stealth
   974 | D:3      | Found an ancient bone altar of Kikubaaqudgha.
   974 | D:3      | Found a broken altar of Ashenzari.
   975 | D:3      | Found a bloodstained altar of Trog.
   988 | D:3      | Found a hazy altar of Hepliaklqana.
  1083 | D:3      | Reached XP level 4. HP: 21/31 MP: 4/4
  1119 | D:3      | Found Qapaaff's Jewellery Shop.
  1752 | D:2      | Reached skill level 3 in Long Blades
  1752 | D:2      | Reached XP level 5. HP: 36/36 MP: 5/5
  1911 | D:2      | Found a faded altar of an unknown god.
  2582 | D:4      | Found Cucaucou's Antique Weapon Emporium.
  2728 | D:4      | Noticed an ice beast
  2740 | D:4      | Killed an ice beast
  2741 | D:4      | Reached skill level 1 in Unarmed Combat
  2741 | D:4      | Reached skill level 1 in Shapeshifting
  2741 | D:4      | Reached XP level 6. HP: 17/42 MP: 6/6
  2998 | D:5      | Entered Level 5 of the Dungeon
  3005 | D:5      | Reached skill level 1 in Evocations
  3076 | D:5      | Reached XP level 7. HP: 24/46 MP: 7/7
  3402 | D:5      | Reached skill level 4 in Long Blades
  3432 | D:5      | Found a sparkling altar of Nemelex Xobeh.
  3434 | D:5      | Noticed Eustachio
  3444 | D:5      | Killed Eustachio
  4020 | D:6      | Reached XP level 8. HP: 16/54 MP: 8/8
  4022 | D:6      | Reached skill level 5 in Long Blades
  4026 | D:6      | Reached skill level 5 in Dodging
  4338 | D:6      | Found a staircase to the Ecumenical Temple.
  4353 | Temple   | Entered the Ecumenical Temple
  4402 | Temple   | Became a worshipper of the Wu Jian Council
  4746 | D:6      | Reached skill level 6 in Long Blades
  4857 | D:6      | Reached skill level 5 in Stealth
  5031 | D:7      | Reached XP level 9. HP: 45/58 MP: 9/9
  5057 | D:7      | Reached * piety under Wu Jian
  5058 | D:7      | HP: 2/59 [ufetubus (3)]
  5059 | D:7      | Slain by a shadow imp

Illustrated notes

Levels and vault maps discovered:
D:1:      eino_arrival_tree_alley, layout_basic
D:2:      layout_loops_ring, shapermc_ecumenical_altar_totnotflames,
          nicolae_eternal_life
D:3:      layout_basic, nicolae_overflow_quartered_altars, serial_shops,
          nicolae_shop_getting_attention, grunt_decor_cap, minivault_24,
          kennysheep_generic_room_2
D:4:      layout_rooms, serial_shops, nicolae_shop_back_alley_shop,
          corexii_item_surrounded_by_moat
D:5:      layout_loops_corners, mainiacjoe_overflow_catwalk, uniq_eustachio
D:6:      layout_loops_corners, minmay_temple_entry_overgrown, serial_bayou,
          serial_bayou_pond_d, serial_bayou_shore_a, serial_bayou_pond_c,
          serial_bayou_pond_b
D:7:      layout_rooms
Temple:   nicolae_temple_bog_church

Skill      XL: |  1  2  3  4  5  6  7  8 |
---------------+-------------------------+-----
Stealth        | 1 2 3 4 5 |  5.1
Dodging        | 4 5 |  5.5
Long Blades    | 3 4 6 |  6.7
Unarmed Combat | 1 2 3 |  3.4
Shapeshifting  | 1 2 |  2.7
Evocations     | 1 2 3 |  3.5
Fighting       | 4 |  4.3
Shields        | |  3.4

Action                     |  1- 3 |  4- 6 |  7- 9 || total
---------------------------+-------+-------+-------++-------
  Melee: Long sword        |    58 |       |       ||    58
         Constrict         |    13 |    13 |    20 ||    46
         Tentacles         |    11 |     8 |    12 ||    31
         Katana            |    13 |    75 |   109 ||   197
         Punch             |       |       |     4 ||     4
Ability: Lunge             |       |       |    13 ||    13
    Use: Scroll            |     4 |     4 |     1 ||     9
         Potion            |     2 |     3 |     5 ||    10
   Stab: Sleeping          |     5 |    10 |    10 ||    25
         Distracted        |       |     1 |       ||     1
 Armour: Skin              |    32 |    16 |    32 ||    80
  Dodge: Dodged            |    39 |    42 |   102 ||   183
  Block: Buckler           |    15 |    11 |    20 ||    46

Table legend: (Time is in decaauts)
 A = Elapsed time spent in this place.
 B = Non-inter-level travel time spent in this place.
 C = Inter-level travel time spent in this place.
 D = Time resting spent in this place.
 E = Time spent auto-exploring this place.
 F = Levels seen in this place.
 G = Mean time per level.
                   A        B        C        D        E       F      G
               +--------+--------+--------+--------+--------+-----+--------+
         Total |   5060 |   5060 |      0 |    234 |   2069 |   8 |  632.5 |
       Dungeon |   4999 |   4999 |      0 |    234 |   2069 |   7 |  714.1 |
        Temple |     60 |     60 |      0 |      0 |      0 |   1 |   60.0 |
               +--------+--------+--------+--------+--------+-----+--------+

Top non-repeatable levels by time:
     D:5: 990 daAuts
     D:6: 951 daAuts
     D:1: 877 daAuts
     D:2: 861 daAuts
     D:3: 813 daAuts
     D:4: 469 daAuts
  Temple: 60 daAuts
     D:7: 36 daAuts
